 Dungeon Crawl Stone Soup version 0.26-a0-663-g36e8fdb655 (webtiles) character file.

Game seed: 7968863480161910749

66 reriks the Charlatan (level 3, -2/31 HPs)
             Began as a Deep Dwarf Artificer on Oct 12, 2020.
             Slain by an ogre
             ... wielding a +0 giant club
              (16 damage)
             ... on level 2 of the Dungeon.
             The game lasted 00:04:31 (1386 turns).

reriks the Charlatan (Deep Dwarf Artificer)         Turns: 1386, Time: 00:04:32

Health: -2/31      AC:  6    Str: 16    XL:     3   Next: 96%
Magic:  0/1        EV: 12    Int: 11    God:
Gold:   65         SH:  0    Dex: 13    Spells: 2/2 levels left

rFire    . . .     SeeInvis .   a - +0 club
rCold    . . .     Faith    .   (no shield)
rNeg     . . .     Spirit   +   b - +0 leather armour
rPois    .         Reflect  .   j - +1 helmet
rElec    .         Harm     .   (no cloak)
rCorr    .         Rampage  .   (no gloves)
MR       .....                  q - +0 pair of boots
Stlth    ++........             g - amulet of guardian spirit
HPRegen  0.00/turn              (no ring)
MPRegen  0.07/turn              (no ring)

@: non-regenerating
A: damage resistance, heal wounds, sense surroundings 1, no regeneration
a: Heal Wounds


You were on level 2 of the Dungeon.
You visited 1 branch of the dungeon, and saw 2 of its levels.

You collected 65 gold pieces.

Inventory:

Hand Weapons
 a - a +0 club (weapon)
Missiles
 f - 18 sling bullets
 h - 28 stones (quivered)
 n - 16 poisoned darts
Armour
 b - a +0 leather armour (worn)
 j - a +1 helmet (worn)
 q - a +0 pair of boots (worn)
Jewellery
 g - an amulet of guardian spirit (around neck)
Wands
 c - a wand of flame (6)
 d - a wand of enslavement (13)
 e - a wand of random effects (14)
Scrolls
 i - a scroll of enchant weapon {unknown}
 k - 3 scrolls of fog
 l - a scroll of blinking
 m - a scroll of enchant armour {unknown}
 t - a scroll of identify
Potions
 o - 2 potions of curing {unknown}
 r - a potion of might {unknown}


   Skills:
 + Level 1.4 Fighting
 + Level 1.1 Throwing
 + Level 2.8 Armour
 + Level 1.9 Dodging
 + Level 2.3 Stealth
 + Level 4.5 Evocations


You had 2 spell levels left.
You didn't know any spells.
Your spell library was empty.

Dungeon Overview and Level Annotations

Branches:
Dungeon (2/15)

Altars:


Innate Abilities, Weirdness & Mutations

You are resistant to damage.
You can heal yourself by infusing magical energy.
You passively map a small area around you.
You do not regenerate.


Message History

You kill the hobgoblin!
The ogre hits you with a +0 giant club.
You hit the ogre.
The ogre is lightly wounded.
The ogre closely misses you.
You closely miss the ogre.
The ogre is lightly wounded.
The ogre hits you with a +0 giant club!
You are too injured to fight recklessly!
You are too injured to fight recklessly!
You are too injured to fight recklessly!
You are too injured to fight recklessly!
You are too injured to fight recklessly!
Evoke which item? (* to show all) (? for menu, Esc to quit)
Aiming: Random Effects
Press: ? - help, Shift-Dir - straight line, f - ogre
Aim: an ogre, wielding a +0 giant club (lightly wounded)
The ogre seems to slow down.
The ogre hits you with a +0 giant club!
Ouch! That really hurt!
You die...

, , * *
#?......#..##
#........ ..# *
#...... #.# **
##>....## #.#
#.......# #.#
#.......# #.#
#..O...?###.#####
## #(@..(.((......#
#.
##...####......###.
##### #........#.
#......#...
#......###^
#......# #.
#......##..
#......##.#
#.........,


You could see an ogre (slow).

Vanquished Creatures
  2 adders (D:2)
  6 bats
  5 giant cockroaches (D:1)
  6 goblins
  6 hobgoblins
  4 jackals (D:1)
  2 kobolds (D:1)
  A frilled lizard (D:1)
  7 rats
39 creatures vanquished.

Vanquished Creatures (collateral kills)
  A worm (D:2)
  A giant cockroach (D:2)
2 creatures vanquished.

Vanquished Creatures (others)
  A frilled lizard (D:2)
1 creature vanquished.

Grand Total: 42 creatures vanquished

Notes
Turn   | Place    | Note
-------+----------+-------------------------------------------
     0 | D:1      | reriks the Deep Dwarf Artificer began the quest for the
                  | Orb.
     0 | D:1      | Reached XP level 1. HP: 16/16 MP: 1/1
    47 | D:1      | Reached skill level 1 in Fighting
   134 | D:1      | Reached XP level 2. HP: 25/25 MP: 2/2
   597 | D:1      | Reached XP level 3. HP: 14/31 MP: 3/3
  1330 | D:2      | Reached skill level 1 in Throwing
  1336 | D:2      | Found a faded altar of an unknown god.
  1376 | D:2      | Noticed an ogre
  1386 | D:2      | Slain by an ogre

Illustrated notes

Levels and vault maps discovered:
D:1:      wheals_arrival_shading, layout_loops_ring
D:2:      layout_rooms, chequers_ecumenical_altar_island

Skill      XL: |  1  2  3 |
---------------+----------+-----
Fighting       | 1 |  1.4
Stealth        | 2 |  2.3
Throwing       | 1 |  1.1
Armour         | |  2.8
Dodging        | |  1.9
Evocations     | |  4.5

Action                   || total
-------------------------++-------
Melee: Club              ||   228
Throw: Stone             ||    52
 Abil: Heal Wounds       ||     2
Evoke: Wand              ||    12
  Use: Scroll            ||     4
Armor: Leather armour    ||   147
Dodge: Dodged            ||   267

Table legend: (Time is in decaauts)
 A = Elapsed time spent in this place.
 B = Non-inter-level travel time spent in this place.
 C = Inter-level travel time spent in this place.
 D = Time resting spent in this place.
 E = Time spent auto-exploring this place.
 F = Levels seen in this place.
 G = Mean time per level.
                   A        B        C        D        E       F      G
               +--------+--------+--------+--------+--------+-----+--------+
         Total |   1456 |   1393 |     63 |    116 |    619 |   2 |  728.0 |
       Dungeon |   1456 |   1393 |     63 |    116 |    619 |   2 |  728.0 |
               +--------+--------+--------+--------+--------+-----+--------+

Top non-repeatable levels by time:
     D:1: 1204 daAuts
     D:2: 251 daAuts
